 Dungeon Crawl Stone Soup version 0.17-a0-121-gf94917f (webtiles) character file.

172 Ngotmuk the Shield-Bearer (level 5, 0/50 HPs)
             Began as a Deep Dwarf Fighter on Mar 22, 2015.
             Slain by an ogre
             ... wielding a +0 giant club
              (11 damage)
             ... on level 4 of the Dungeon.
             The game lasted 00:06:46 (1992 turns).

Ngotmuk the Shield-Bearer (Deep Dwarf Fighter)      Turns: 1992, Time: 00:06:47

Health: 0/50       AC:  9    Str: 20    XL:     5   Next: 27%
Magic:  5/5        EV:  8    Int:  9    God:
Gold:   190        SH:  9    Dex: 12    Spells: 0 memorised, 4 levels left

rFire  . . .     SeeInvis .     a - +0 flail
rCold  . . .     Clarity  .     b - +0 scale mail
rNeg   + . .     SustAb   .     c - +0 shield
rPois  .         Gourm    .     s - +0 helmet
rElec  .         Spirit   .     k - +0 cloak
rCorr  .         Warding  .     (no gloves)
rMut   .         Stasis   .     (no boots)
MR     .....                    (no amulet)
Stlth  ..........               (no ring)
                                m - ring of positive energy

@: non-regenerating, not resistant to hostile enchantments, extremely unstealthy
A: damage resistance, recharge devices, sense surroundings 1, slow healing 3
a: Device Recharging


You were on level 4 of the Dungeon.
You were not hungry.

You visited 1 branch of the dungeon, and saw 4 of its levels.
You also visited: Sewer.

You collected 190 gold pieces.

Inventory:

Hand weapons
 a - a +0 flail (weapon)
Armour
 b - a +0 scale mail (worn)
 c - a +0 shield (worn)
 k - a +0 cloak (worn)
 s - a +0 helmet (worn)
Jewellery
 m - a ring of positive energy (left hand)
Magical devices
 d - a wand of heal wounds (5)
Scrolls
 i - 3 scrolls of magic mapping {unknown}
 j - 2 scrolls of remove curse {unknown}
 l - 2 scrolls of immolation {unknown}
 n - a scroll of teleportation {unknown}
 p - a scroll of amnesia {unknown}
 t - 3 scrolls of identify {unknown}
 v - 2 scrolls of enchant armour {unknown}
Potions
 e - 2 potions of might
 g - 4 potions of heal wounds {unknown}
 h - 4 potions of curing {unknown}
 o - a potion of magic {unknown}
 r - a potion of restore abilities {unknown}
 u - a potion of beneficial mutation {unknown}
Comestibles
 f - 2 bread rations
 q - 3 slices of pizza
 w - a meat ration


   Skills:
 + Level 3.7 Fighting
 + Level 2.9 Maces & Flails
 + Level 3.9 Armour
 + Level 2.0 Dodging
 + Level 4.1 Shields


You had 4 spell levels left.
You didn't know any spells.

Dungeon Overview and Level Annotations

Branches:
Dungeon (4/15)
 Temple: D:4-7

Altars:
Gozag


Innate Abilities, Weirdness & Mutations

You are resistant to damage.
You can recharge devices by infusing magical energy.
You passively map a small area around you.
You do not heal naturally.


Message History

The adder skeleton barely misses you.
You sock the adder skeleton!!
You destroy the adder skeleton!
Your Dodging skill increases to level 2!
The kobold closely misses you.
You hit the kobold but do no damage. The kobold barely misses you.
You sock the kobold!
You kill the kobold!
You barely miss the ogre. The ogre hits you with a giant club.
* * * LOW HITPOINT WARNING * * *
You block the ogre's attack.
You hit the ogre!
The ogre is moderately wounded.
You hit the ogre.
The ogre is heavily wounded.
You block the ogre's attack.
You hit the ogre!
The ogre is severely wounded.
The ogre hits you with a giant club!
You die...

#......#
#......#
#......# ,
###.....<# ,#
#........##.#
,..##..##....#
, #.**#.##.# ,
# #O# # * #@#
,* , * #.# , ,
..# * * ..## *
, , ..# * *
..# , ... * .


You could see an ogre.

Vanquished Creatures
  An orc priest (D:3)
  Robin (D:3)
  5 adders
  A worm (D:3)
  An adder skeleton (D:4)
  An ooze (D:1)
  5 orcs (D:3)
  5 ball pythons
  8 bats
  5 giant cockroaches (D:3)
  9 goblins (D:3)
  8 hobgoblins
  10 jackals
  6 kobolds
  3 giant newts
  9 rats
  A plant (Sewer)
79 creatures vanquished.

Notes
Turn   | Place    | Note
--------------------------------------------------------------
     0 | D:1      | Ngotmuk, the Deep Dwarf Fighter, began the quest for the Orb.
     0 | D:1      | Reached XP level 1. HP: 20/20 MP: 1/1
   118 | D:1      | Reached XP level 2. HP: 27/27 MP: 2/2
   374 | D:1      | Reached skill level 1 in Dodging
   444 | D:1      | Reached XP level 3. HP: 29/34 MP: 3/3
   550 | D:2      | You fall through a shaft!
   636 | D:3      | Found a glowing drain.
   690 | Sewer    | Entered a sewer
   827 | Sewer    | Reached XP level 4. HP: 33/42 MP: 4/4
  1113 | Sewer    | Reached skill level 4 in Shields
  1258 | D:3      | Found an opulent altar of Gozag.
  1377 | D:3      | Noticed Robin
  1398 | D:3      | Killed Robin
  1903 | D:3      | Reached XP level 5. HP: 17/50 MP: 5/5
  1975 | D:4      | Noticed an ogre
  1992 | D:4      | Slain by an ogre

Action                   |  1- 3 |  4- 6 || total
-------------------------+-------+-------++-------
Melee: Flail             |   147 |   170 ||   317
  Eat: Bread ration      |       |     1 ||     1
